 Dungeon Crawl Stone Soup version 0.30-a0-718-geaa24f58ff (webtiles) character file.

Game seed: 9754741398724315137

2 hikkokomori the Cutter (level 1, -1/11 HPs)
             Began as a Vine Stalker Gladiator on Jan 26, 2023.
             Slain by a kobold
             ... wielding a +0 whip
              (2 damage)
             ... on level 1 of the Dungeon.
             The game lasted 00:00:18 (315 turns).

hikkokomori the Cutter (Vine Stalker Gladiator)      Turns: 315, Time: 00:00:19

Health: -1/11      AC:  4    Str: 16    XL:     1   Next: 40%
Magic:  0/2        EV: 12    Int:  8    God:
Gold:   19         SH:  0    Dex: 15    Spells: 0/0 levels left

rFire   . . .      SeeInvis .    a - +0 rapier
rCold   . . .      Faith    .    (no shield)
rNeg    . . .      Spirit   +    b - +0 leather armour
rPois   .          Reflect  .    c - +0 helmet
rElec   .          Harm     .    (no cloak)
rCorr   .          Rampage  .    (no gloves)
Will    .....                    (no boots)
Stlth   +                        (no amulet)
HPRegen 0.21/turn                (no ring)
MPRegen 0.08/turn                (no ring)

@: no status effects
A: fangs 2, magic shield, antimagic bite, no potion heal 2
a: no special abilities


You were on level 1 of the Dungeon.
You visited 1 branch of the dungeon, and saw 1 of its levels.

You collected 19 gold pieces.

Inventory:

Hand Weapons
 a - a +0 rapier (weapon)
Missiles
 d - 3 throwing nets (quivered)
 e - a javelin
Armour
 b - a +0 leather armour (worn)
 c - a +0 helmet (worn)
Jewellery
 f - a +6 ring of dexterity
Scrolls
 g - a scroll of enchant armour {unknown}
 h - a scroll of teleportation {unknown}


   Skills:
 + Level 1.8 Fighting
 + Level 2.7 Short Blades
 - Level 1.8 Throwing
 + Level 2.4 Dodging


You couldn't memorise any spells.
You didn't know any spells.
Your spell library contained the following spells:

 Spells                   Type           Power      Damage    Failure   Level
 Hailstorm                Conj/Ice       0%         3d3       85%         3
 Ice Form                 Ice/Tmut       0%         N/A       99%         4
 Simulacrum               Ice/Necr       0%         N/A       100%        6


Dungeon Overview and Level Annotations

Branches:
Dungeon (1/15)

Altars:


Innate Abilities, Weirdness & Mutations

You have extremely sharp teeth.
When hurt, damage is shared between your health and your magic reserves.
Your bite disrupts and absorbs the magic of your enemies.
Potions cannot restore your health.


Message History

Found a faded altar of an unknown god.
No target in view!
A rat comes into view.
The helpless rat fails to defend itself.
You hit the rat.
You kill the rat!
There is a faded altar of an unknown god here.
This altar belongs to (a) Xom, (b) Hepliaklqana or (c) Dithmenos, but you can't tell which.
Press the corresponding letter to learn more about a god, or press enter to convert or escape to cancel.
Okay, then.
You now have 5 gold pieces.
You now have 19 gold pieces (gained 14).
A kobold comes into view. It is wielding a +0 whip.
The kobold shouts!
A kobold is nearby!
A kobold is nearby!
You hit the kobold.
The kobold is severely wounded.
The kobold hits you with a +0 whip.
You barely miss the kobold. Your bite misses the kobold.
The kobold is severely wounded.
The kobold hits you with a +0 whip.
You are too injured to fight recklessly!
You are too injured to fight recklessly!
You are too injured to fight recklessly!
You are too injured to fight recklessly!
You are too injured to fight recklessly!
You are too injured to fight recklessly!
You are too injured to fight recklessly!
You are too injured to fight recklessly!
You are too injured to fight recklessly!
You are too injured to fight recklessly!
You are too injured to fight recklessly!
You barely miss the kobold. You bite the kobold, but do no damage.
The kobold is severely wounded.
The kobold hits you with a +0 whip.
* * * LOW HITPOINT WARNING * * *
You closely miss the kobold.
The kobold is severely wounded.
The kobold hits you with a +0 whip.
You die...

.#.#.#.##...........#.#####.#####
##.#.#.##...........#.#..........
.#. #.##.....#.....#.#.###.#####
#.##.....#.....#.#.# #.#
..##.....#.....#.#.# #.#
###......#.....#.#.# #.#
.......#.....#.#.# #.#####
.....#####.#.#.# #.##.♣.
......K@...#.#.# #.#.♣..
#.########.#.#.# #..♣P._ . #.#
#.....#.#.#####♣..♣
#.#####.####.###.#...........P
.......................###...♣
..............................
>.......#........###.#.##...##
#...####.#.##.####....#........
#........#.##.# #.####.#.#.###


You could see a kobold.

Vanquished Creatures
  A hobgoblin (D:1)
  A bat (D:1)
  A rat (D:1)
3 creatures vanquished.

Notes
Turn   | Place    | Note
-------+----------+-------------------------------------------
     0 | D:1      | hikkokomori the Vine Stalker Gladiator began the quest for
                  | the Orb.
     0 | D:1      | Reached XP level 1. HP: 11/11 MP: 2/2
   179 | D:1      | Found a faded altar of an unknown god.
   315 | D:1      | Slain by a kobold

Illustrated notes

Levels and vault maps discovered:
D:1:      matt_arrival_los_fun, layout_basic,
          ebering_ecumenical_altar_petrified, st_stairs_5, minmay_hedge_maze,
          bh_walls_and_bars

Action                     || total
---------------------------++-------
  Melee: Rapier            ||    10
         Bite              ||     2
   Stab: Sleeping          ||     1
 Armour: Leather armour    ||     5
  Dodge: Dodged            ||     4

Table legend: (Time is in decaauts)
 A = Elapsed time spent in this place.
 B = Non-inter-level travel time spent in this place.
 C = Inter-level travel time spent in this place.
 D = Time resting spent in this place.
 E = Time spent auto-exploring this place.
 F = Levels seen in this place.
 G = Mean time per level.
                   A        B        C        D        E       F      G
               +--------+--------+--------+--------+--------+-----+--------+
         Total |    315 |    315 |      0 |      0 |    279 |   1 |  315.0 |
       Dungeon |    315 |    315 |      0 |      0 |    279 |   1 |  315.0 |
               +--------+--------+--------+--------+--------+-----+--------+

Top non-repeatable levels by time:
     D:1: 315 daAuts
